SAAA
PENNSAUKEN FLYERS @ ATHLETIC CLUB KC RESERVES
05/08/2034
 
TOP OF THE 1ST
Pennsauken Flyers batting - Pitching for Athletic Club KC Reserves : RHP Ismael Calderón
Pitching: RHP Ismael Calderón
Batting: RHB Marc Beck 0-0: Called Strike
0-1: Ball
1-1: Ball
2-1: Ball
3-1: Ground out 4-3 (Groundball, 4)
Batting: RHB Leo Cadden 0-0: Called Strike
0-1: Swinging Strike
0-2: Ball
1-2: Ground out 4-3 (Groundball, 4)
Batting: RHB José Rodríguez 0-0: Swinging Strike
0-1: Swinging Strike
0-2: Strikes out looking
Top of the 1st over - 0 runs, 0 hits, 0 errors, 0 left on base; Pennsauken 0 - Athletic Club KC 0
BOTTOM OF THE 1ST
Athletic Club KC Reserves batting - Pitching for Pennsauken Flyers : LHP Mike Foltynewicz
Pitching: LHP Mike Foltynewicz
Batting: RHB Armando Altagracia 0-0: Ball
1-0: Ball
2-0: Fly out, F9 (Flyball, 9LM)
Batting: RHB Tasuku Goto 0-0: Ball
1-0: SINGLE (Groundball, 34S) (infield hit)
Batting: RHB Khal Drogo 0-0: Called Strike
0-1: Ball
1-1: Ball
2-1: Foul Ball, location: 2F
2-2: Ball
3-2: Fly out, F8 (Flyball, 8RD)
Batting: RHB Abeni Mbanefo 0-0: Ball
Tasuku Goto is caught stealing 2nd base
Bottom of the 1st over - 0 runs, 1 hit, 0 errors, 0 left on base; Pennsauken 0 - Athletic Club KC 0
TOP OF THE 2ND
Pennsauken Flyers batting - Pitching for Athletic Club KC Reserves : RHP Ismael Calderón
Batting: LHB Arana Sashi 0-0: Called Strike
0-1: Called Strike
0-2: Ground out 6-3 (Groundball, 6M)
Batting: SHB Chris Williamson 0-0: Swinging Strike
0-1: Ball
1-1: Ball
2-1: Ball
3-1: Base on Balls
Batting: RHB Byung-ho Yi 0-0: Ball
1-0: Ball
2-0: Grounds into double play, 6-4-3 (Groundball, 6)
Top of the 2nd over - 0 runs, 0 hits, 0 errors, 0 left on base; Pennsauken 0 - Athletic Club KC 0
BOTTOM OF THE 2ND
Athletic Club KC Reserves batting - Pitching for Pennsauken Flyers : LHP Mike Foltynewicz
Batting: RHB Abeni Mbanefo 0-0: Called Strike
0-1: Swinging Strike
0-2: Ground out 6-3 (Groundball, 6)
Batting: LHB Shojiro Ueda 0-0: Ball
1-0: Ball
2-0: Foul Ball, location: 2F
2-1: Ball
3-1: Foul Ball, location: 2F
3-2: Fly out, F7 (Flyball, 7S)
Batting: LHB Kwang-chih Feng 0-0: Ground out 4-3 (Groundball, 4)
Bottom of the 2nd over - 0 runs, 0 hits, 0 errors, 0 left on base; Pennsauken 0 - Athletic Club KC 0
TOP OF THE 3RD
Pennsauken Flyers batting - Pitching for Athletic Club KC Reserves : RHP Ismael Calderón
Batting: RHB Raúl Moreno 0-0: Foul Ball, location: 2F
0-1: Ball
1-1: Called Strike
1-2: Ball
2-2: Foul Ball, location: 2F
2-2: Fly out, F9 (Flyball, 9S)
Batting: RHB Clarence Therrien 0-0: Ball
1-0: Called Strike
1-1: SINGLE (Flyball, 8LM)
Batting: RHB Raúl Guerrero 0-0: Called Strike
0-1: Fly out, F3 (Line Drive, 34)
Batting: RHB Marc Beck 0-0: Called Strike
0-1: Swinging Strike
0-2: Ball
1-2: Strikes out swinging
Top of the 3rd over - 0 runs, 1 hit, 0 errors, 1 left on base; Pennsauken 0 - Athletic Club KC 0
BOTTOM OF THE 3RD
Athletic Club KC Reserves batting - Pitching for Pennsauken Flyers : LHP Mike Foltynewicz
Batting: LHB Manuel Domínguez 0-0: Called Strike
0-1: Called Strike
0-2: Ball
1-2: DOUBLE (Line Drive, 9D)
Batting: RHB Cristóbal Covarrubiois 0-0: Ball
1-0: Ball
2-0: Foul Ball, location: 2F
2-1: Foul Ball, location: 2F
2-2: Foul Ball, location: 2F
2-2: Ball
3-2: Base on Balls
Batting: RHB Dewey Nauss 0-0: Ball
1-0: Ball
2-0: Ball
3-0: Foul Ball, location: 2F
3-1: Base on Balls
Manuel Domínguez to third
Cristóbal Covarrubiois to second
Batting: RHB Armando Altagracia 0-0: Swinging Strike
0-1: Ball
1-1: Ball
2-1: Ball
3-1: Called Strike
3-2: Base on Balls
Manuel Domínguez scores
Cristóbal Covarrubiois to third
Dewey Nauss to second
Batting: RHB Tasuku Goto 0-0: Called Strike
0-1: SINGLE (Line Drive, 6MD)
Cristóbal Covarrubiois scores
Dewey Nauss to third
Armando Altagracia to second
Batting: RHB Khal Drogo 0-0: Swinging Strike
0-1: Ball
1-1: Swinging Strike
1-2: Ball
2-2: Fly out, F5 (Line Drive, 56)
Batting: RHB Abeni Mbanefo 0-0: Ball
1-0: Foul Ball, location: 2F
1-1: Fly out, F8 (Flyball, 8RM)
Runner from 3rd tags up, OUT at HOME
Bottom of the 3rd over - 2 runs, 2 hits, 0 errors, 2 left on base; Pennsauken 0 - Athletic Club KC 2
TOP OF THE 4TH
Pennsauken Flyers batting - Pitching for Athletic Club KC Reserves : RHP Ismael Calderón
Batting: RHB Leo Cadden 0-0: Ball
1-0: Foul Ball, location: 2F
1-1: Ball
2-1: Foul Ball, location: 2F
2-2: DOUBLE (Line Drive, 7LS)
Batting: RHB José Rodríguez 0-0: Foul Ball, location: 2F
0-1: Ground out 6-3 (Groundball, 6)
Leo Cadden to third
Batting: LHB Arana Sashi 0-0: Ball
1-0: Ground out 5-3 (Groundball, 56)
Leo Cadden scores
Batting: SHB Chris Williamson 0-0: Swinging Strike
0-1: Called Strike
0-2: Strikes out swinging
Top of the 4th over - 1 run, 1 hit, 0 errors, 0 left on base; Pennsauken 1 - Athletic Club KC 2
BOTTOM OF THE 4TH
Athletic Club KC Reserves batting - Pitching for Pennsauken Flyers : LHP Mike Foltynewicz
Batting: LHB Shojiro Ueda 0-0: Foul Ball, location: 2F
0-1: Foul Ball, location: 2F
0-2: Strikes out looking
Batting: LHB Kwang-chih Feng 0-0: SINGLE (Groundball, 56D)
Batting: LHB Manuel Domínguez 0-0: Ball
1-0: Ball
2-0: Called Strike
2-1: Foul Ball, location: 2F
2-2: Strikes out swinging
Batting: RHB Cristóbal Covarrubiois 0-0: Swinging Strike
0-1: Ball
1-1: Foul Ball, location: 2F
1-2: Ball
2-2: Ball
3-2: Fly out, F6 (Popup, 6)
Bottom of the 4th over - 0 runs, 1 hit, 0 errors, 1 left on base; Pennsauken 1 - Athletic Club KC 2
TOP OF THE 5TH
Pennsauken Flyers batting - Pitching for Athletic Club KC Reserves : RHP Ismael Calderón
Batting: RHB Byung-ho Yi 0-0: Ball
1-0: SOLO HOME RUN (Flyball, 78XD), Distance : 391 ft
Batting: RHB Raúl Moreno 0-0: Fly out, F7 (Flyball, 7S)
Batting: RHB Clarence Therrien 0-0: Called Strike
0-1: Ball
1-1: Swinging Strike
1-2: Ball
2-2: Foul Ball, location: 2F
2-2: Strikes out swinging
Batting: RHB Raúl Guerrero 0-0: Called Strike
0-1: Ball
1-1: Hit by Pitch
Batting: RHB Marc Beck 0-0: Called Strike
0-1: Ball
1-1: Swinging Strike
1-2: Ball
2-2: Ground out 1-3 (Groundball, 13)
Top of the 5th over - 1 run, 1 hit, 0 errors, 1 left on base; Pennsauken 2 - Athletic Club KC 2
BOTTOM OF THE 5TH
Athletic Club KC Reserves batting - Pitching for Pennsauken Flyers : LHP Mike Foltynewicz
Batting: RHB Dewey Nauss 0-0: Ball
1-0: Swinging Strike
1-1: Swinging Strike
1-2: Ground out U3 (Groundball, 34S)
Batting: RHB Armando Altagracia 0-0: SINGLE (Groundball, 6MD)
Batting: RHB Tasuku Goto 0-0: Ball
1-0: Foul Ball, location: 2F
1-1: Called Strike
1-2: Strikes out swinging
Batting: RHB Khal Drogo 0-0: Ball
1-0: Ball
2-0: Called Strike
2-1: Swinging Strike
2-2: Hit by Pitch
Armando Altagracia to second
Batting: RHB Abeni Mbanefo 0-0: Ball
1-0: Called Strike
1-1: Ball
2-1: Foul Ball, location: 2F
2-2: SINGLE (Line Drive, 78M)
Armando Altagracia to third
Khal Drogo to second
Runner from 3rd tries for Home, SAFE, no throw
Batting: LHB Shojiro Ueda 0-0: Swinging Strike
0-1: Ball
1-1: Swinging Strike
1-2: Foul Ball, location: 2F
1-2: Foul Ball, location: 2F
1-2: Foul Ball, location: 2F
1-2: Foul Ball, location: 2F
1-2: Foul Ball, location: 2F
1-2: SINGLE (Flyball, 7LS)
Khal Drogo to third
Abeni Mbanefo to second
Runner from 3rd tries for Home, SAFE, no throw
Batting: LHB Kwang-chih Feng 0-0: Called Strike
0-1: Swinging Strike
0-2: Ball
1-2: Fly out, F8 (Flyball, 78M)
Bottom of the 5th over - 2 runs, 3 hits, 0 errors, 2 left on base; Pennsauken 2 - Athletic Club KC 4
TOP OF THE 6TH
Pennsauken Flyers batting - Pitching for Athletic Club KC Reserves : RHP Ismael Calderón
Batting: RHB Leo Cadden 0-0: Fly out, F9 (Flyball, 9)
Batting: RHB José Rodríguez 0-0: Ground out 4-3 (Groundball, 4)
Batting: LHB Arana Sashi 0-0: Ball
1-0: Ball
2-0: Ground out 6-3 (Groundball, 56)
Top of the 6th over - 0 runs, 0 hits, 0 errors, 0 left on base; Pennsauken 2 - Athletic Club KC 4
BOTTOM OF THE 6TH
Athletic Club KC Reserves batting - Pitching for Pennsauken Flyers : LHP Mike Foltynewicz
Batting: LHB Manuel Domínguez 0-0: Called Strike
0-1: Swinging Strike
0-2: Foul Ball, location: 2F
0-2: Ball
1-2: Ball
2-2: Strikes out swinging
Batting: RHB Cristóbal Covarrubiois 0-0: Ball
1-0: Foul Ball, location: 2F
1-1: Fly out, F3 (Popup, 3F)
Batting: RHB Dewey Nauss 0-0: Ball
1-0: Ball
2-0: DOUBLE (Flyball, 8LD)
Batting: RHB Armando Altagracia 0-0: Foul Ball, location: 2F
0-1: Fly out, F6 (Line Drive, 6)
Bottom of the 6th over - 0 runs, 1 hit, 0 errors, 1 left on base; Pennsauken 2 - Athletic Club KC 4
TOP OF THE 7TH
Pennsauken Flyers batting - Pitching for Athletic Club KC Reserves : RHP Ismael Calderón
Batting: SHB Chris Williamson 0-0: Fly out, F8 (Flyball, 8LM)
Batting: RHB Byung-ho Yi 0-0: Foul Ball, location: 2F
0-1: Ground out 5-3 (Groundball, 56S)
Batting: RHB Raúl Moreno 0-0: Ball
1-0: Ball
2-0: Called Strike
2-1: Ball
3-1: Foul Ball, location: 2F
3-2: Base on Balls
Batting: RHB Clarence Therrien 0-0: Ball
1-0: Ground out U3 (Groundball, 34)
Top of the 7th over - 0 runs, 0 hits, 0 errors, 1 left on base; Pennsauken 2 - Athletic Club KC 4
BOTTOM OF THE 7TH
Athletic Club KC Reserves batting - Pitching for Pennsauken Flyers : LHP Mike Foltynewicz
Batting: RHB Tasuku Goto 0-0: Ball
1-0: Called Strike
1-1: Ball
2-1: DOUBLE (Flyball, 89XD)
Pitching: RHP Manny Benavides
Batting: RHB Khal Drogo 0-0: Called Strike
0-1: Ball
1-1: Ground out 6-3 (Groundball, 6)
Tasuku Goto to third
Batting: RHB Abeni Mbanefo 0-0: Ball
1-0: 2-RUN HOME RUN (Flyball, 78XD), Distance : 370 ft
Batting: LHB Shojiro Ueda 0-0: Swinging Strike
0-1: Foul Ball, location: 2F
0-2: SINGLE (Line Drive, 5L)
Batting: LHB Kwang-chih Feng 0-0: Called Strike
0-1: Swinging Strike
0-2: Foul Ball, location: 2F
0-2: Ball
1-2: Ball
Shojiro Ueda steals 2nd base
2-2: Strikes out swinging
Pitching: RHP Sergio Reyes
Batting: LHB Manuel Domínguez 0-0: Called Strike
0-1: Ball
1-1: Ball
2-1: Ball
3-1: Foul Ball, location: 2F
3-2: Base on Balls
Batting: RHB Cristóbal Covarrubiois 0-0: Ball
1-0: Called Strike
1-1: Ball
2-1: Ball
3-1: Called Strike
3-2: Base on Balls
Shojiro Ueda to third
Manuel Domínguez to second
Batting: RHB Dewey Nauss 0-0: Ball
1-0: Ball
2-0: Ball
3-0: Base on Balls
Shojiro Ueda scores
Manuel Domínguez to third
Cristóbal Covarrubiois to second
Batting: RHB Armando Altagracia 0-0: Ball
1-0: Ground out 4-3 (Groundball, 4)
Bottom of the 7th over - 3 runs, 3 hits, 0 errors, 3 left on base; Pennsauken 2 - Athletic Club KC 7
TOP OF THE 8TH
Pennsauken Flyers batting - Pitching for Athletic Club KC Reserves : RHP Ismael Calderón
Now in CF: Luis Miguel González
Batting: RHB Raúl Guerrero 0-0: Called Strike
0-1: Called Strike
0-2: Foul Ball, location: 2F
0-2: Ball
1-2: Foul Ball, location: 2F
1-2: Ball
2-2: Ball
3-2: SINGLE (Groundball, 6MD)
Batting: RHB Marc Beck 0-0: Ball
1-0: Fielders Choice at 2nd, 4-6 (Groundball, 34)
Batting: RHB Leo Cadden 0-0: Foul Ball, location: 2F
0-1: Fly out, F8 (Flyball, 8LD)
Batting: RHB José Rodríguez 0-0: Ball
1-0: Fielders Choice at 2nd, 6-4 (Groundball, 6)
Top of the 8th over - 0 runs, 1 hit, 0 errors, 1 left on base; Pennsauken 2 - Athletic Club KC 7
BOTTOM OF THE 8TH
Athletic Club KC Reserves batting - Pitching for Pennsauken Flyers : RHP Sergio Reyes
Batting: RHB Tasuku Goto 0-0: Called Strike
0-1: Foul Ball, location: 2F
0-2: Foul Ball, location: 2F
0-2: SINGLE (Groundball, 56D)
Batting: RHB Khal Drogo 0-0: Ball
1-0: Fly out, F4 (Line Drive, 4M)
Batting: RHB Abeni Mbanefo 0-0: Ball
1-0: Ball
2-0: Fly out, F7 (Flyball, 7LSF)
Batting: LHB Shojiro Ueda 0-0: DOUBLE (Flyball, 8LXD)
Tasuku Goto to third
Runner from 3rd tries for Home, SAFE, no throw
Batting: LHB Kwang-chih Feng 0-0: Ball
1-0: Swinging Strike
1-1: Swinging Strike
1-2: Foul Ball, location: 2F
1-2: Strikes out swinging
Bottom of the 8th over - 1 run, 2 hits, 0 errors, 1 left on base; Pennsauken 2 - Athletic Club KC 8
TOP OF THE 9TH
Pennsauken Flyers batting - Pitching for Athletic Club KC Reserves : RHP Ismael Calderón
Now at 1B: Francisco Vigil
Batting: LHB Arana Sashi 0-0: Ball
1-0: Ball
2-0: Ball
3-0: Called Strike
3-1: Base on Balls
Batting: SHB Chris Williamson 0-0: Ball
1-0: Fielders Choice at 2nd, 4-6 (Groundball, 4)
Batting: RHB Byung-ho Yi 0-0: Ball
1-0: Foul Ball, location: 2F
1-1: Ball
Balk!
Chris Williamson to second
2-1: Ground out 5-3 (Groundball, 56)
Batting: RHB Raúl Moreno 0-0: Ball
1-0: Foul Ball, location: 2F
1-1: Swinging Strike
1-2: Ball
2-2: Ball
3-2: Foul Ball, location: 2F
3-2: Base on Balls
Batting: RHB Clarence Therrien 0-0: Called Strike
0-1: Foul Ball, location: 2F
0-2: Strikes out swinging
Top of the 9th over - 0 runs, 0 hits, 0 errors, 2 left on base; Pennsauken 2 - Athletic Club KC 8
Friday, March 29th, 2019 - OOTP Baseball 18.8 Build 76